 Dungeon Crawl Stone Soup version 0.29-a0-330-g52719c12eb (webtiles) character file.

Game seed: 3887145057887682032

7000 kae the Arsonist (level 10, -6/84 HPs)
             Began as a Demigod Fire Elementalist on Apr 22, 2022.
             Mangled by a minotaur (shapeshifter) (14 damage)
             ... on level 9 of the Dungeon.
             The game lasted 00:13:33 (16171 turns).

kae the Arsonist (Demigod Fire Elementalist)       Turns: 16171, Time: 00:13:34

Health: -6/84      AC:  8    Str: 16    XL:     10   Next: 52%
Magic:  5/23       EV: 13    Int: 29    God:
Gold:   556        SH:  0    Dex: 14    Spells: 8/21 levels left

rFire   + + .      SeeInvis .   w - +5 falchion (vamp)
rCold   . . .      Faith    .   (no shield)
rNeg    . . .      Spirit   .   j - +2 robe "Yrasmacs" {rF++ Str+4}
rPois   .          Reflect  .   A - +0 helmet
rElec   .          Harm     .   (no cloak)
rCorr   .          Rampage  .   z - +0 pair of gloves {Str+3}
Will    +....                   v - +1 pair of boots {Stlth+}
Stlth   +++.......              (no amulet)
HPRegen 0.24/turn               (no ring)
MPRegen 0.18/turn               (no ring)

@: no status effects
A: high MP 1, forlorn, divine attributes
a: no special abilities


You were on level 9 of the Dungeon.
You visited 1 branch of the dungeon, and saw 9 of its levels.
You also visited: Ossuary.

You collected 556 gold pieces.

Inventory:

Hand Weapons
 d - a +0 dagger of flaming
 w - a +5 vampiric falchion (weapon)
Armour
 j - the +2 robe "Yrasmacs" (worn) {rF++ Str+4}
   (You found it on level 3 of the Dungeon)

   Str:       It affects your strength (+4).
   rF:        It greatly protects you from fire.
 v - a +1 pair of boots of stealth (worn)
 x - the +0 robe of the Hills {Dex+4}
   (You found it on level 5 of the Dungeon)

   Dex:       It affects your dexterity (+4).
 z - a +0 pair of gloves of strength (worn)
 A - a +0 helmet (worn)
Jewellery
 p - a ring of poison resistance
Wands
 l - a wand of iceblast (4)
 y - a wand of polymorph (2)
Scrolls
 k - 3 scrolls of blinking
 m - 2 scrolls of magic mapping
 t - a scroll of identify
 u - 3 scrolls of vulnerability
Potions
 a - 2 potions of haste
 b - a potion of magic
 c - 4 potions of degeneration
 e - 3 potions of might
 f - 3 potions of lignification
 g - 7 potions of curing
 h - 2 potions of berserk rage
 i - 2 potions of attraction
 n - 2 potions of cancellation
 o - a potion of heal wounds
 q - a potion of brilliance
 r - 2 potions of mutation
 s - 2 potions of flight


   Skills:
 + Level 6.3 Fighting
 + Level 3.5 Dodging
 + Level 3.8 Stealth
 + Level 6.2 Spellcasting
 + Level 6.6 Conjurations
 * Level 9.7 Fire Magic


You had 8 spell levels left.
You knew the following spells:

 Your Spells              Type           Power      Damage    Failure   Level
a - Foxfire               Conj/Fire      100%       2x1d9     1%          1
b - Scorch                Fire           100%       2d10      1%          2
c - Conjure Flame         Conj/Fire      54%        6-21      1%          3
d - Inner Flame           Hex/Fire       37%        N/A       2%          3
e - Flame Wave            Conj/Fire      54%        2d11      1%          4

Your spell library contained the following spells:

 Spells                   Type           Power      Damage    Failure   Level
 Shock                    Conj/Air       100%       1d9       1%          1
 Stone Arrow              Conj/Erth      56%        3d10      4%          3
 Animate Skeleton         Necr           18%        N/A       5%          1
 Apportation              Tloc           18%        N/A       5%          1
 Pain                     Necr           36%        1d5       5%          1
 Sandblast                Erth           18%        2d7       5%          1
 Sting                    Tmut/Pois      36%        1d4       5%          1
 Summon Small Mammal      Summ           36%        N/A       5%          1
 Blink                    Tloc           18%        N/A       9%          2
 Passwall                 Tmut/Erth      7%         N/A       9%          2
 Poisonous Vapours        Pois/Air       18%        N/A       9%          2
 Lesser Beckoning         Tloc           9%         N/A       17%         3
 Swiftness                Air            9%         N/A       17%         3
 Vampiric Draining        Necr           9%         2d6       17%         3
 Airstrike                Air            4%         N/A       50%         4
 Cause Fear               Hex            4%         N/A       50%         4
 Olgreb's Toxic Radiance  Pois           9%         N/A       50%         4
 Manifold Assault         Tloc           9%         N/A       83%         5
 Dragon Form              Tmut           4%         N/A       100%        7
 Dragon's Call            Summ           4%         N/A       100%        9


Dungeon Overview and Level Annotations

Branches:
Dungeon (9/15)             Temple (0/1) D:7         Ossuary (visited)
   Lair: D:8-11         Orc: D:9-12

Shops:
D:1 [   D:7 (

Annotations:
D:2 Sigmund
D:4 1 runed translucent door, Crazy Yiuf


Innate Abilities, Weirdness & Mutations

You have an increased reservoir of magic. (+10% MP)
You shall have no god before yourself.
Your divine heritage dramatically boosts your attributes as you level up.


Message History

The minotaur barely misses you. The minotaur gores you!
A wave of flame ripples out!
The flame wave engulfs the minotaur!!
The minotaur is burned terribly!
The minotaur is almost dead.
You finish channelling waves of flame.
You hear a shout!
The minotaur hits you. The minotaur gores you.
Casting: Flame Wave (dangerous; 1% risk of failure)
Confirm with . or Enter, or press ? or * to list all spells.
Casting: Flame Wave (dangerous; 1% risk of failure)
Press: ? - help, Dir - look around, f - activate A wave of flame ripples out!
The flame wave engulfs the minotaur but does no damage.
The minotaur is almost dead. (Press . to intensify the flame waves.)
The minotaur is no longer more vulnerable to fire.
The minotaur hits you. The minotaur gores you!
A wave of flame ripples out!
The flame wave engulfs the minotaur.
The minotaur is almost dead.
The minotaur hits you!!
* * * LOW HITPOINT WARNING * * *
The minotaur gores you!
* * * LOW HITPOINT WARNING * * *
A wave of flame ripples out!
The flame wave engulfs the minotaur!
The minotaur is almost dead.
You finish channelling waves of flame.
You hear a shout!
You hear a roar!
You hear a shout!
You hear a bark!
The minotaur hits you.
* * * LOW HITPOINT WARNING * * *
The minotaur gores you.
* * * LOW HITPOINT WARNING * * *
Casting: Flame Wave (dangerous; 1% risk of failure)
Confirm with . or Enter, or press ? or * to list all spells.
Casting: Flame Wave (dangerous; 1% risk of failure)
Press: ? - help, Dir - look around, f - activate A wave of flame ripples out!
The flame wave engulfs the minotaur.
The minotaur is almost dead. (Press . to intensify the flame waves.)
The minotaur hits you!
You die...

.....>............#....
#...)........#.......##
##.........##......##
#.........##.......##
##...................#
#.............#......#
..###.........#......##
.......H...#..........#
.......@)).####........
...####....#.#.....#...
#..#..#...........##...
#......)....#..รท.......
#.........###..<.......
##.......## #)..........
#........# ##.##.......
#.......#......#......
#...###.#..##....##..##


You could see a minotaur shaped shifter.

Vanquished Creatures
  A centaur warrior (D:9)
  Joseph (D:9)
  2 trolls
  A hornet (D:8)
  A slime creature (D:9)
  2 wyverns (D:8)
  6 yaks
  A wraith (D:9)
  3 steam dragons (D:8)
  A water moccasin (D:7)
  An acid dragon (D:8)
  2 orc warriors
  A wolf (D:8)
  6 centaurs
  An ogre (D:5)
  A kobold brigand (D:9)
  2 bullfrogs (D:9)
  3 scorpions
  6 water moccasin zombies (Ossuary)
  3 wights (D:7)
  9 killer bees
  3 howler monkeys
  A jelly (D:4)
  7 hounds
  2 gnoll shamans
  7 orc priests
  An iguana (D:6)
  10 orc wizards
  3 mummies
  Robin (D:3)
  10 gnolls
  4 adders
  A shadow imp (D:6)
  A white imp (D:7)
  5 adder zombies (Ossuary)
  6 worms
  3 dart slugs
  24 orcs
  2 ball pythons
  4 bats
  5 endoplasms
  3 giant cockroaches
  2 gnoll zombies (Ossuary)
  10 hobgoblins
  6 jackals
  3 quokkas
  A frilled lizard (D:1)
  13 goblins
  6 hobgoblin zombies (Ossuary)
  7 kobolds
  5 kobold zombies (Ossuary)
  3 orc zombies (Ossuary)
  7 rats
220 creatures vanquished.

Vanquished Creatures (collateral kills)
  An ogre (D:6)
1 creature vanquished.

Vanquished Creatures (others)
  570 foxfires
570 creatures vanquished.

Grand Total: 791 creatures vanquished

Notes
Turn   | Place    | Note
-------+----------+-------------------------------------------
     0 | D:1      | kae the Demigod Fire Elementalist began the quest for the
                  | Orb.
     0 | D:1      | Reached XP level 1. HP: 14/14 MP: 5/5
   153 | D:1      | Reached skill level 1 in Conjurations
   434 | D:1      | Found Necvoj's Armour Emporium.
   514 | D:1      | Reached XP level 2. HP: 22/22 MP: 5/7
   517 | D:1      | Learned a level 2 spell: Scorch
   568 | D:1      | Reached skill level 3 in Fire Magic
  1304 | D:2      | Reached skill level 1 in Fighting
  1361 | D:2      | Noticed Sigmund
  1441 | D:2      | Reached XP level 3. HP: 28/28 MP: 5/8
  2444 | D:3      | Learned a level 1 spell: Shock
  2851 | D:3      | Identified the +2 robe "Yrasmacs" {rF++ Str+4}
  2871 | D:3      | Learned a level 3 spell: Conjure Flame
  2908 | D:3      | Noticed a blizzard demon
  2995 | D:3      | Noticed Robin
  3306 | D:3      | Killed Robin
  3307 | D:3      | Reached XP level 4. HP: 32/35 MP: 3/10
  4098 | D:4      | Found a runed translucent door.
  4108 | D:4      | Noticed Crazy Yiuf
  4345 | D:4      | Reached skill level 4 in Fire Magic
  4464 | D:4      | Reached XP level 5. HP: 41/41 MP: 7/11
  5005 | D:5      | Entered Level 5 of the Dungeon
  5135 | D:5      | Noticed an ogre
  5144 | D:5      | Killed an ogre
  5185 | D:5      | Reached XP level 6. HP: 35/48 MP: 2/13
  5526 | D:5      | Reached skill level 5 in Fire Magic
  5923 | D:5      | Reached XP level 7. HP: 56/56 MP: 8/15
  5927 | D:5      | Learned a level 3 spell: Inner Flame
  6456 | D:6      | Learned a level 4 spell: Flame Wave
  6482 | D:6      | Found a sand-covered staircase.
  6490 | Ossuary  | Entered an ossuary
  6718 | Ossuary  | Reached skill level 6 in Fire Magic
  7221 | D:6      | Reached XP level 8. HP: 21/66 MP: 17/17
  9087 | D:7      | Reached skill level 7 in Fire Magic
  9232 | D:7      | Found a staircase to the Ecumenical Temple.
  9880 | D:7      | Found Ronosibon's Antique Weapon Boutique.
 10543 | D:8      | Noticed a hornet
 10555 | D:8      | Killed a hornet
 10556 | D:8      | Reached skill level 5 in Conjurations
 10556 | D:8      | Reached XP level 9. HP: 73/73 MP: 7/19
 11103 | D:8      | Reached skill level 5 in Spellcasting
 11285 | D:8      | Reached skill level 5 in Fighting
 11289 | D:8      | Reached skill level 8 in Fire Magic
 12838 | D:8      | Identified a scroll of acquirement
 12838 | D:8      | Acquired a +1 pair of boots of stealth
 12957 | D:5      | Identified the +0 robe of the Hills {Dex+4}
 14092 | D:8      | Reached skill level 9 in Fire Magic
 14391 | D:8      | Reached XP level 10. HP: 49/83 MP: 10/22
 15040 | D:9      | Noticed a centaur warrior
 15051 | D:9      | Killed a centaur warrior
 15860 | D:9      | Noticed Joseph
 15871 | D:9      | Killed Joseph
 16136 | D:9      | Noticed a fire dragon
 16149 | D:9      | Noticed an entropy weaver
 16149 | D:9      | a fire dragon changed into an entropy weaver
 16157 | D:9      | Noticed a minotaur
 16157 | D:9      | an entropy weaver changed into a minotaur
 16171 | D:9      | Mangled by a minotaur (shapeshifter)

Illustrated notes

Levels and vault maps discovered:
D:1:      lightli_arrival_flooded_house, layout_rooms, serial_shops, shop,
          hangedman_decor_push, amcnicky_mini_rare_corridor_liquid,
          interstate_on_off
D:2:      layout_basic, ebering_ecumenical_altar_abandoned,
          grunt_decor_resistance, uniq_sigmund
D:3:      layout_basic, makhleb_altar_promises_db, kennysheep_path_1, uniq_robin
D:4:      layout_cave_pools, dk_noncrumbling_2, uniq_crazy_yiuf_cottage
D:5:      layout_rooms, mainiacjoe_overflow_alcove_1,
          nemelex_xobeh_ov_fountains_minmay, kennysheep_generic_room_16
D:6:      layout_layer_cave, gup_ossuary_entry_pyramid, corexii_checkpoint_b
D:7:      layout_loops_cross, fedhas_altar_1, chei_slow_surprise,
          minmay_temple_entry_statues_pillars, serial_shops, shop_coins
D:8:      layout_loops_ring, lemuel_round_altar, mrwooster_statue_mirror
D:9:      layout_cave_pools, mainiacjoe_overflow_alcove_3, serial_gnoll_camp,
          gnoll_camp_mini_doghouse, gnoll_camp_huts_moat, grums_kennel,
          gnoll_camp_mini_hut, gnoll_camp_mini_hut, minmay_pinched_square,
          uniq_joseph

Skill      XL: |  1  2  3  4  5  6  7  8  9 10 |
---------------+-------------------------------+-----
Conjurations   | 1 2 3 4 5 6 |  6.6
Fire Magic     | 3 4 5 6 7 9 |  9.7
Spellcasting   | 2 3 4 5 6 |  6.2
Fighting       | 1 2 3 4 5 6 |  6.3
Stealth        | 2 3 |  3.8
Dodging        | 2 3 |  3.5

Action                   |  1- 3 |  4- 6 |  7- 9 | 10-12 || total
-------------------------+-------+-------+-------+-------++-------
Melee: Dagger            |    45 |     8 |    66 |       ||   119
       Punch             |       |       |     1 |       ||     1
       Falchion          |       |       |     3 |     1 ||     4
 Cast: Foxfire           |    85 |   118 |   103 |    30 ||   336
       Scorch            |     5 |     8 |   122 |    12 ||   147
       Flame Wave        |       |       |     5 |    16 ||    21
       Conjure Flame     |       |       |    15 |     1 ||    16
       Inner Flame       |       |       |     2 |       ||     2
  Use: Scroll            |     4 |     6 |    16 |     1 ||    27
       Potion            |       |       |     2 |     1 ||     3
 Stab: Sleeping          |     2 |       |     1 |       ||     3
Armor: Robe              |    20 |    12 |    69 |    25 ||   126
Dodge: Dodged            |    50 |    28 |   193 |    53 ||   324

Table legend: (Time is in decaauts)
 A = Elapsed time spent in this place.
 B = Non-inter-level travel time spent in this place.
 C = Inter-level travel time spent in this place.
 D = Time resting spent in this place.
 E = Time spent auto-exploring this place.
 F = Levels seen in this place.
 G = Mean time per level.
                   A        B        C        D        E       F      G
               +--------+--------+--------+--------+--------+-----+--------+
         Total |  16208 |  15520 |    688 |   3840 |   9662 |  10 | 1620.8 |
       Dungeon |  15490 |  14802 |    688 |   3786 |   9141 |   9 | 1721.1 |
       Ossuary |    717 |    717 |      0 |     54 |    521 |   1 |  717.0 |
               +--------+--------+--------+--------+--------+-----+--------+

Top non-repeatable levels by time:
     D:8: 4163 daAuts
     D:6: 2069 daAuts
     D:7: 1635 daAuts
     D:2: 1537 daAuts
     D:5: 1520 daAuts
     D:3: 1453 daAuts
     D:4: 1343 daAuts
     D:9: 982 daAuts
     D:1: 785 daAuts
 Ossuary: 717 daAuts
